cohdb
Replays
Latest Replays
All Replays
Popular Replays
Top Player Replays
Match Explorer
How It Works
Community
CoH3 Stats
Reddit
Sign in to upload your games and track your stats! →
Sign in with Steam
Match 45159552
Unlisted
Match 45159552
Overview
Messages
Build Orders
End
Construct Section Command Post
Royal Engineer Section
Dingo Light Scout Car
Infantry Section
Infantry Section
Grenade Package
Construct Platoon Command Post
Selects Indian Artillery Battlegroup
Selects Valour
Unlock Bishop Self-propelled Artillery
Bishop Self-propelled Artillery
Selects Gurkha Rifles Section
Gurkha Rifles Section
B1t
剩者为王
袅炸天
冲锋大哥
北冥帝君
191754466
Laughing Sun
ionwood
0
0
Comments
sign in to comment!
No comments posted yet!